 Dungeon Crawl Stone Soup version 0.28.0-45-g0d030f2227 (webtiles) character file.

Game seed: 508590787858464021

3208 MalarOregon the Skirmisher (level 9, 0/75 HPs)
             Began as a Palentonga Fighter on Apr 23, 2022.
             Was a Priest of Uskayaw.
             Slain by Joseph
             ... wielding a +4 quarterstaff of speed
              (16 damage)
             ... on level 7 of the Dungeon.
             The game lasted 00:13:57 (9734 turns).

MalarOregon the Skirmisher (Palentonga Fighter)     Turns: 9734, Time: 00:13:58

Health: 0/75       AC: 24    Str: 20    XL:     9   Next: 65%
Magic:  14/14      EV:  6    Int: 12    God:    Uskayaw [***...]
Gold:   324        SH:  5    Dex: 10    Spells: 11/15 levels left

rFire   . . .      SeeInvis +   a - +0 war axe
rCold   . . .      Faith    .   c - +0 buckler
rNeg    . . .      Spirit   .   m - +0 acid dragon scales
rPois   .          Reflect  .   (no helmet)
rElec   .          Harm     .   (no cloak)
rCorr   +          Rampage  .   i - +0 pair of gloves
Will    +....                   n - +0 barding
Stlth   +.........              (no amulet)
HPRegen 0.22/turn               f - ring of willpower
MPRegen 0.14/turn               s - +4 ring of protection

@: curled up
A: large, rugged brown scales 3, see invisible, deformed body, roll 1, armoured
tail, reflexive curl
a: Rolling Charge, Renounce Religion, Stomp, Line Pass


You were on level 7 of the Dungeon.
You worshipped Uskayaw.
Uskayaw was noncommittal.
You visited 2 branches of the dungeon, and saw 8 of its levels.

You collected 324 gold pieces.


Innate Abilities, Weirdness & Mutations

You are completely covered in rugged brown scales. (AC +3, +7% HP)
You have supernaturally acute eyesight. (SInv)
Armour fits poorly on your strangely shaped body.
You can roll at nearby foes to attack.
You have a long armoured tail.
You curl defensively after being hit. (AC +7*)


   Skills:
 * Level 6.6 Fighting
 * Level 6.2 Axes
 * Level 5.5 Armour
 * Level 5.5 Shields
 + Level 3.5 Spellcasting
 + Level 3.1 Conjurations
 + Level 3.4 Hexes


You had 11 spell levels left.
You knew the following spells:

 Your Spells              Type           Power      Damage    Failure   Level
z - Fulminant Prism       Conj/Hex       4%         3d6       67%         4

Your spell library contained the following spells:

 Spells                   Type           Power      Damage    Failure   Level
 Magic Dart               Conj           36%        1d4       10%         1
 Searing Ray              Conj           18%        2d5       14%         2
 Animate Skeleton         Necr           4%         N/A       34%         1
 Pain                     Necr           8%         1d4       34%         1
 Gell's Gravitas          Tloc           2%         N/A       71%         3
 Ozocubu's Armour         Ice            2%         N/A       71%         3
 Teleport Other           Tloc           2%         N/A       71%         3
 Metabolic Englaciation   Hex/Ice        3%         N/A       99%         5
 Dispersal                Tloc           1%         N/A       100%        6
 Simulacrum               Ice/Necr       1%         N/A       100%        6

Inventory:

Hand Weapons
 a - a +0 war axe (weapon)
 l - a +2 glaive of flaming
   (You took it off Maggie on level 6 of the Dungeon)
Armour
 c - a +0 buckler (worn)
 i - a +0 pair of gloves (worn)
   (You found it on level 2 of the Dungeon)
 m - +0 acid dragon scales (worn)
   (You took it off Maggie on level 6 of the Dungeon)
 n - a +0 barding (worn)
   (You found it on level 4 of the Dungeon)
Jewellery
 e - an amulet of regeneration
   (You found it on level 5 of the Dungeon)
 f - a ring of willpower (left hand)
   (You found it on level 1 of the Dungeon)
 s - a +4 ring of protection (right hand)
   (You found it on level 5 of the Dungeon)
Wands
 t - a wand of flame (7)
   (You took it off Eustachio on level 4 of the Dungeon)
 u - a wand of paralysis (4)
   (You found it on level 4 of the Dungeon)
Scrolls
 b - a scroll of summoning {unknown}
 g - a scroll of vulnerability {unknown}
 h - a scroll of torment {unknown}
 j - 3 scrolls of immolation {!r}
 q - 5 scrolls of teleportation {@r4}
 x - a scroll of blinking {unknown}
Potions
 d - a potion of resistance
 k - 2 potions of flight {unknown}
 o - a potion of mutation {unknown}
 p - a potion of lignification {unknown}
 v - a potion of cancellation {unknown}

Dungeon Overview and Level Annotations

Branches:
Dungeon (7/15)             Temple (1/1) D:7

Altars:
Ashenzari
Cheibriados
Dithmenos
Elyvilon
Fedhas
Gozag
Hepliaklqana
Kikubaaqudgha
Makhleb
Nemelex Xobeh
Okawaru
Qazlal
Ru
Sif Muna
Trog
Uskayaw
Vehumet
Wu Jian
Xom
Yredelemnul
Zin
The Shining One

Annotations:
D:7 Joseph

#>...............
#.###############
#...# #.
#######.# ##.
#.......# #..
#....../#### #..
#........... #..
#..Wc..##.## #..
#...@..# #..
#...@....... #..
#.#######.## #..
#. # #.. # ..


You could see Joseph, a phantom and a centaur.


Message History

No target in view!
Key pressed, stopping explore.
Key pressed, stopping explore.
Key pressed, stopping explore.
q - 5 scrolls of teleportation {@r4} (gained 1)
Things that are here:
a +0 short sword; a kobold corpse
Things that are here:
a +0 whip; 2 stones; a kobold corpse
Things that are here:
a +0 giant club; an ogre corpse You now have 324 gold pieces (gained 9).
Items here: (( ))) ††.
Things that are here:
a +0 whip; 4 stones; a kobold corpse
Items here: (( ))) ††.
Things that are here:
a +0 short sword; a kobold corpse
Things that are here:
a +0 short sword; a kobold corpse
Found a stone staircase leading down.
There is a stone staircase leading down here.
Found a glass wand.
Joseph, a Mercenary comes into view.
He is wielding a +4 quarterstaff of speed.
Joseph shouts!
Joseph unwields a +4 quarterstaff of speed.
Joseph wields a +0 hunting sling.
Joseph shoots a sling bullet.
The sling bullet hits you.
A phantom and a centaur come into view.
The centaur shouts!
Joseph shoots a sling bullet.
The sling bullet hits you.
The centaur wields a +0 shortbow.
The centaur shoots an arrow.
The arrow hits you.
Roll where?
Press: ? - help, Dir - move target, f - phantom
Aim: a phantom You roll forward with a clatter of scales!
You closely miss the phantom. You block the phantom's attack.
Joseph shoots a sling bullet.
You block the sling bullet.
Roll where?
Press: ? - help, Dir - move target, f - Joseph, p - phantom
Aim: Joseph, wielding a +0 hunting sling, wearing a +0 ring mail and quivering sling bullets You roll forward with a clatter of scales!
You slash Joseph!
Your tail-slap misses Joseph.
You closely miss the phantom.
The centaur shoots an arrow.
The arrow hits you!
The phantom hits you but does no damage.
Joseph unwields a +0 hunting sling.
Joseph wields a +4 quarterstaff of speed.
Joseph hits you but does no damage.
The centaur shoots an arrow.
The arrow completely misses you.
The arrow hits Joseph!
The phantom hits you but does no damage.
Joseph barely misses you.
You hit Joseph.
Your tail-slap misses Joseph.
You barely miss the phantom. Joseph hits you but does no damage.
The phantom closely misses you.
You slash Joseph! You slash the centaur! You barely miss the phantom.
The centaur unwields a +0 shortbow.
You block the centaur's attack.
The centaur kicks you but does no damage.
Joseph hits you with a +4 quarterstaff of speed.
The phantom barely misses you.
Joseph hits you with a +4 quarterstaff of speed!
The centaur hits you but does no damage.
The centaur kicks you but does no damage.
You can now pass through a line of other dancers.
You slash Joseph! You hit the centaur but do no damage.
You hit the phantom but do no damage. The centaur hits you.
The centaur barely misses you.
Joseph hits you with a +4 quarterstaff of speed.
You block the phantom's attack.
Joseph hits you with a +4 quarterstaff of speed!
* * * LOW HITPOINT WARNING * * *
Aiming: Line Pass
Press: ? - help, Dir - move target, f/p - Joseph
Aim: Joseph, wielding a +4 quarterstaff of speed, wearing a +0 ring mail and quivering sling bullets (severely wounded)
You can't stand on top of the monster!
Aiming: Line Pass
Press: ? - help, Dir - move target, f - centaur, p - Joseph
Aim: a centaur, quivering arrows (moderately wounded)
Okay, then.
Okay, then.
You slash Joseph! You closely miss the phantom. You hit the centaur.
The centaur hits you but does no damage.
The centaur barely misses you.
The phantom hits you but does no damage.
The centaur hits you but does no damage.
The centaur closely misses you.
Joseph hits you with a +4 quarterstaff of speed!
* * * LOW HITPOINT WARNING * * *
Uskayaw will force your foes to helplessly watch your dance.
Uskayaw prepares the audience for your solo!
The helpless Joseph fails to defend himself.
You hit Joseph but do no damage.
The helpless phantom fails to defend itself.
You hit the phantom but do no damage.
The helpless centaur fails to defend itself.
You hit the centaur.
Joseph is no longer paralysed.
The phantom is no longer paralysed.
The centaur is no longer paralysed.
The centaur hits you but does no damage.
The centaur kicks you but does no damage.
Joseph hits you with a +4 quarterstaff of speed!
You die...

Skill      XL: |  1  2  3  4  5  6  7  8  9 |
---------------+----------------------------+-----
Shields        | 3 4 5 |  5.5
Armour         | 3 4 5 |  5.5
Spellcasting   | 1 2 3 |  3.5
Axes           | 3 4 5 6 |  6.2
Fighting       | 4 5 6 |  6.6
Hexes          | 1 2 3 |  3.4
Conjurations   | 1 2 3 |  3.1

Action                   |  1- 3 |  4- 6 |  7- 9 || total
-------------------------+-------+-------+-------++-------
Melee: War axe           |    98 |   114 |   255 ||   467
       Tailslap          |     6 |    11 |    52 ||    69
 Abil: Rolling Charge    |       |    11 |     7 ||    18
Evoke: Wand              |       |     1 |     1 ||     2
  Use: Potion            |       |     2 |     3 ||     5
       Scroll            |       |       |     5 ||     5
 Stab: Paralysed         |       |     2 |    13 ||    15
Armor: Scale mail        |    64 |    59 |   180 ||   303
       Acid dragon scale |       |       |    27 ||    27
Dodge: Dodged            |    40 |    44 |    73 ||   157
Block: Buckler           |    24 |    30 |    64 ||   118

Levels and vault maps discovered:
D:1:      dpeg_arrival_erosion, layout_loops_ring, serial_glass,
          glass_columns_c, glass_columns_b, glass_columns_c, glass_columns_a,
          chequers_ecumenical_altar_simple_redux, minmay_misc_feat_five
D:2:      layout_loops_corners, uniq_natasha
D:3:      layout_loops_cross, tgw_kikubaaqudgha, kennysheep_jessica_study
D:4:      layout_basic, uniq_eustachio
D:5:      layout_basic
D:6:      layout_rooms, uniq_maggie
D:7:      layout_basic, minmay_temple_entry_hall, uniq_joseph
Temple:   mainiacjoe_temple_starburst

Notes
Turn   | Place    | Note
-------+----------+-------------------------------------------
     0 | D:1      | MalarOregon the Palentonga Fighter began the quest for the
                  | Orb.
     0 | D:1      | Reached XP level 1. HP: 19/19 MP: 1/1
   210 | D:1      | Found a faded altar of an unknown god.
   212 | D:1      | Reached XP level 2. HP: 23/25 MP: 2/2
   404 | D:1      | You pick up a book of Conjurations and begin reading...
   404 | D:1      | You add the spells Magic Dart, Searing Ray and Fulminant
                  | Prism to your library.
   767 | D:1      | Reached XP level 3. HP: 17/31 MP: 3/3
  1609 | D:2      | Reached XP level 4. HP: 30/37 MP: 5/5
  1700 | D:2      | Noticed Natasha
  1709 | D:2      | Killed Natasha
  1710 | D:2      | Reached skill level 3 in Shields
  2352 | D:3      | Reached skill level 3 in Armour
  2498 | D:3      | Reached skill level 1 in Spellcasting
  2517 | D:3      | Noticed Jessica
  2520 | D:3      | Killed Jessica
  2521 | D:3      | Reached skill level 3 in Axes
  2521 | D:3      | Reached XP level 5. HP: 44/44 MP: 6/6
  2558 | D:3      | You add the spells Animate Skeleton and Pain to your
                  | library.
  2558 | D:3      | Got Jessica's Grimoire of Unholy Arts
  2643 | D:3      | HP: 11/44 [gnoll/+0 flail (4)]
  2972 | D:3      | Found an ancient bone altar of Kikubaaqudgha.
  2972 | D:3      | Noticed a human
  2976 | D:3      | Killed a human
  3109 | D:3      | You add the spells Gell's Gravitas, Teleport Other and
                  | Dispersal to your library.
  3173 | D:3      | You pick up a book of Winter and begin reading...
  3173 | D:3      | You add the spells Ozocubu's Armour, Metabolic Englaciation
                  | and Simulacrum to your library.
  3314 | D:3      | Learned a level 4 spell: Fulminant Prism
  3366 | D:4      | Reached skill level 4 in Fighting
  3366 | D:4      | Reached XP level 6. HP: 25/51 MP: 6/8
  3724 | D:4      | Noticed Eustachio
  3735 | D:4      | Killed Eustachio
  4008 | D:4      | Reached skill level 1 in Hexes
  4294 | D:4      | HP: 11/52 [black bear (4)]
  4298 | D:4      | Reached skill level 1 in Conjurations
  4298 | D:4      | Gained mutation: You curl defensively after being hit. (AC
                  | +7*) [Palentonga growth]
  4298 | D:4      | Reached XP level 7. HP: 8/58 MP: 9/9
  4677 | D:4      | Reached skill level 4 in Axes
  4854 | D:5      | Entered Level 5 of the Dungeon
  4990 | D:5      | Reached skill level 2 in Spellcasting
  5262 | D:5      | Reached skill level 4 in Armour
  5262 | D:5      | Reached skill level 4 in Shields
  5274 | D:5      | Identified the +7 long sword "Weraxoab" {freeze, Str+2
                  | Dex+4}
  5314 | D:5      | Noticed a yak
  5315 | D:5      | Noticed a yak
  5315 | D:5      | Noticed a yak
  5315 | D:5      | Noticed a yak
  5316 | D:5      | Noticed a yak
  5466 | D:4      | Killed a yak
  5467 | D:4      | Reached skill level 5 in Fighting
  5740 | D:5      | Reached XP level 8. HP: 42/66 MP: 11/11
  6398 | D:5      | Reached skill level 2 in Hexes
  6519 | D:5      | Reached skill level 2 in Conjurations
  6526 | D:5      | Reached skill level 5 in Axes
  7609 | D:5      | HP: 17/68 [wraith (5)]
  7615 | D:5      | Reached XP level 9. HP: 20/73 MP: 13/13
  7617 | D:5      | Reached skill level 5 in Armour
  7617 | D:5      | Reached skill level 3 in Spellcasting
  7863 | D:5      | Reached skill level 6 in Fighting
  7863 | D:5      | Reached skill level 5 in Shields
  8010 | D:6      | Reached skill level 3 in Hexes
  8496 | D:6      | Noticed Maggie
  8517 | D:6      | HP: 18/74 [Maggie/+2 glaive of flaming (11)]
  8526 | D:6      | Killed Maggie
  8527 | D:6      | Reached skill level 6 in Axes
  8527 | D:6      | Reached skill level 3 in Conjurations
  8850 | D:7      | Found a staircase to the Ecumenical Temple.
  8856 | Temple   | Entered the Ecumenical Temple
  9432 | Temple   | Became a worshipper of Uskayaw the Reveller
  9515 | D:7      | Reached * piety under Uskayaw
  9521 | D:7      | Reached ** piety under Uskayaw
  9524 | D:7      | Reached *** piety under Uskayaw
  9525 | D:7      | Reached **** piety under Uskayaw
  9726 | D:7      | Noticed Joseph
  9733 | D:7      | HP: 16/75 [Joseph/+4 quarterstaff of speed (9)]
  9734 | D:7      | Slain by Joseph

Vanquished Creatures
  Maggie (D:6)
  A wraith (D:5)
  5 yaks
  Eustachio (D:4)
  2 black bears
  2 necrophages (D:5)
  5 ogres
  A kobold brigand (D:7)
  2 wyvern zombies
  3 scorpions
  A bullfrog (D:6)
  A wyvern skeleton (D:6)
  A water moccasin skeleton (D:6)
  A howler monkey (D:5)
  A centaur zombie (D:6)
  A bullfrog zombie (D:6)
  A jelly (D:5)
  3 hounds (D:6)
  2 centaur skeletons
  An iguana (D:5)
  Jessica (D:3)
  Natasha (D:2)
  An orc wizard (D:6)
  2 hound zombies (D:5)
  4 gnolls (D:3)
  5 adders
  A shadow imp (D:6)
  A white imp (D:6)
  An adder zombie (D:5)
  2 worms (D:2)
  5 dart slugs
  7 orcs
  6 bats
  8 endoplasms
  4 giant cockroaches
  9 goblins
  4 hobgoblins
  4 jackals (D:3)
  2 quokkas (D:3)
  8 ball pythons
  2 frilled lizards
  10 kobolds
  3 rats
127 creatures vanquished.

Vanquished Creatures (others)
  A human (D:3)
1 creature vanquished.

Grand Total: 128 creatures vanquished

Table legend:
 A = Non-vault XP
 B = Vault XP
 C = Vault XP percentage of total XP
 D = Non-vault monster count
 E = Vault monster count
 F = Vault count percentage of total count
                 A         B        C        D         E       F
            +---------+---------+-------+---------+---------+-------
      Total |    3918 |     666 |  14.5 |     122 |       5 |   3.9
            +---------+---------+-------+---------+---------+-------
        D:1 |      42 |       0 |   0.0 |      23 |       0 |   0.0
        D:2 |      74 |      36 |  32.7 |      19 |       1 |   5.0
        D:3 |     109 |      39 |  26.4 |      22 |       2 |   8.3
        D:4 |     647 |     196 |  23.3 |      12 |       1 |   7.7
        D:5 |    1819 |       0 |   0.0 |      18 |       0 |   0.0
        D:6 |     875 |     395 |  31.1 |      17 |       1 |   5.6
        D:7 |     352 |       0 |   0.0 |      11 |       0 |   0.0
            +---------+---------+-------+---------+---------+-------

Illustrated notes

Table legend:
 A = Kills in this place as a percentage of kills in entire the game.
 B = Kills by you in this place as a percentage of kills by you in the entire game.
 C = Kills by friends in this place as a percentage of kills by friends in the entire game.
 D = Other kills in this place as a percentage of other kills in the entire game.
 E = Experience gained in this place as a percentage of experience gained in the entire game.
 F = Experience gained in this place divided by the number of levels of this place that you have seen.
                   A       B       C       D       E      F
               +-------+-------+-------+-------+-------+----------------------
         Total | 100.0 | 100.0 |   N/A |   N/A | 100.0 | 573.0
       Dungeon | 100.0 | 100.0 |   N/A |   N/A | 100.0 | 654.9
               +-------+-------+-------+-------+-------+----------------------

Table legend: (Time is in decaauts)
 A = Elapsed time spent in this place.
 B = Non-inter-level travel time spent in this place.
 C = Inter-level travel time spent in this place.
 D = Time resting spent in this place.
 E = Time spent auto-exploring this place.
 F = Levels seen in this place.
 G = Mean time per level.
                   A        B        C        D        E       F      G
               +--------+--------+--------+--------+--------+-----+--------+
         Total |   9886 |   9333 |    553 |   1360 |   6608 |   8 | 1235.8 |
       Dungeon |   9257 |   8803 |    454 |   1360 |   6091 |   7 | 1322.4 |
        Temple |    629 |    530 |     99 |      0 |    517 |   1 |  629.0 |
               +--------+--------+--------+--------+--------+-----+--------+

Top non-repeatable levels by time:
     D:5: 2679 daAuts
     D:4: 1953 daAuts
     D:2: 1305 daAuts
     D:1: 1093 daAuts
     D:3: 1012 daAuts
     D:6: 904 daAuts
  Temple: 629 daAuts
     D:7: 308 daAuts
